 Dungeon Crawl Stone Soup version 0.19.1-1-g22dce08 (webtiles) character file.

1270 JeffiDaFish the Cudgeler (level 8, 0/49 HPs)
             Began as a Gargoyle Fighter on Jan 11, 2017.
             Was a Follower of Makhleb.
             Killed by divine providence
             ... invoked by an orc priest
              (11 damage)
             ... on level 6 of the Dungeon.
             The game lasted 00:11:35 (4847 turns).

JeffiDaFish the Cudgeler (Gargoyle Fighter)         Turns: 4847, Time: 00:11:35

Health: 0/49       AC: 27    Str: 20    XL:     8   Next: 53%
Magic:  8/8        EV:  4    Int:  9    God:    Makhleb [*.....]
Gold:   260        SH: 10    Dex: 11    Spells: 0 memorised, 7 levels left

rFire  . . .     SeeInvis .     a - +0 flail
rCold  . . .     Gourm    .     o - +0 plate armour
rNeg   + . .     Faith    .     c - +0 shield
rPois  ∞         Spirit   .     j - +0 helmet
rElec  +         Reflect  .     i - +1 cloak {rPois}
rCorr  .         Harm     .     k - +2 pair of gloves
MR     .....                    b - +2 pair of boots
Stlth  ..........               (no amulet)
                                (no ring)
                                (no ring)

@: very slightly contaminated
A: negative energy resistance 1, electricity resistance, unbreathing,
petrification resistance, rot immunity, AC +5
a: Renounce Religion


You were on level 6 of the Dungeon.
You worshipped Makhleb.
Makhleb was aware of your devotion.
You were not hungry.

You visited 1 branch of the dungeon, and saw 6 of its levels.

You collected 260 gold pieces.

Inventory:

Hand Weapons
 a - a +0 flail (weapon)
Armour
 b - a +2 pair of boots (worn)
 c - a +0 shield (worn)
 i - a +1 cloak of poison resistance (worn)
 j - a +0 helmet (worn)
 k - a +2 pair of gloves (worn)
 o - a +0 plate armour (worn)
Rods
 p - a +0 rod of clouds (11/11)
   (You found it on level 6 of the Dungeon)
Scrolls
 e - 3 scrolls of amnesia
 r - 2 scrolls of magic mapping
Potions
 d - 3 potions of might
Comestibles
 f - 3 bread rations
 g - a royal jelly
 h - a slice of pizza
 m - 3 chunks of flesh
 n - 3 fruits


   Skills:
 + Level 5.3 Fighting
 + Level 6.6 Maces & Flails
 + Level 5.3 Armour
 + Level 1.1 Dodging
 + Level 1.0 Stealth
 + Level 6.4 Shields


You had 7 spell levels left.
You didn't know any spells.

Dungeon Overview and Level Annotations

Branches:
Dungeon (6/15)
 Temple: D:4-7

Altars:
Cheibriados
Gozag
Hepliaklqana
Kikubaaqudgha
Makhleb
Nemelex Xobeh
Okawaru
Qazlal
Sif Muna
Xom
The Shining One


Innate Abilities, Weirdness & Mutations

You are resistant to torment.
Your stone body is resilient. (AC +5)
You are immune to poison.
You resist negative energy. (rN+)
You are resistant to electric shocks. (rElec)
You can survive without breathing.
You are immune to petrification.
You are immune to rotting.


Message History

The orc closely misses you. You block the orc priest's attack.
You block the orc's attack.
You hit the orc priest but do no damage.
The orc hits you but does no damage.
The orc priest invokes the aid of Beogh against you.
Beogh smites you!
* * * LOW HITPOINT WARNING * * *
The orc hits you but does no damage.
Your shield and plate armour prevent you from hitting the orc priest.
The orc priest hits you but does no damage.
The orc hits you but does no damage. The orc barely misses you.
You sock the orc priest!
The orc priest is heavily wounded.
The orc hits you with a short sword.
* * * LOW HITPOINT WARNING * * *
The orc priest hits you but does no damage.
The orc barely misses you. You block the orc's attack.
The orc priest invokes the aid of Beogh against you.
Beogh smites you!
You die...

###### #.# #.##.######
...... #.# #.#.....#
......# #.####...[)).#
....... #..........).###
.......########...<.....
..............#.......##
........#.##..#.......#
####....#>##..#.......#
#..o@#.##..#.........
#..)oo.............##
#................#...
#...##.......#####.##
#... ####)##...# .# #...
#..))##.#.# ###.
#.##.##.#.#
#.##.##....#.# #...
#.............##...


You could see an orc priest and 2 orcs.

Vanquished Creatures
  Sigmund (D:2)
  The ghost of senyk the Insei, an amateur DsMo (D:6)
  A phantom (D:4)
  A centaur (D:5)
  2 bullfrogs
  A wyvern skeleton (D:4)
  A scorpion (D:4)
  A water moccasin skeleton (D:5)
  A howler monkey (D:5)
  A crimson imp (D:4)
  2 hounds (D:4)
  A jelly (D:4)
  2 orc priests
  An orc wizard (D:3)
  4 worker ants
  2 adders
  5 gnolls
  A howler monkey skeleton (D:5)
  6 worms
  2 dart slugs
  4 leopard geckos
  12 orcs
  2 ball pythons
  12 bats
  3 giant cockroaches
  10 goblins
  7 hobgoblins
  4 jackals (D:1)
  5 kobolds
  4 quokkas
  4 frilled lizards
  A giant cockroach zombie (D:5)
  6 rats
111 creatures vanquished.

Notes
Turn   | Place    | Note
-------+----------+-------------------------------------------
     0 | D:1      | JeffiDaFish the Gargoyle Fighter began the quest for the Orb.
     0 | D:1      | Reached XP level 1. HP: 14/14 MP: 1/1
    98 | D:1      | Reached XP level 2. HP: 12/19 MP: 2/2
   413 | D:1      | Reached XP level 3. HP: 24/24 MP: 3/3
  1003 | D:2      | Found a hazy altar of Hepliaklqana.
  1063 | D:2      | Noticed Sigmund
  1075 | D:2      | Killed Sigmund
  1075 | D:2      | Reached XP level 4. HP: 18/29 MP: 4/4
  1075 | D:2      | Reached XP level 5. HP: 20/33 MP: 5/5
  2097 | D:3      | Reached XP level 6. HP: 35/38 MP: 6/6
  2427 | D:3      | Found a sparkling altar of Nemelex Xobeh.
  2433 | D:3      | Found a faded altar of an unknown god.
  2498 | D:3      | Found a deep blue altar of Sif Muna.
  2685 | D:3      | Reached skill level 1 in Dodging
  2958 | D:4      | Found a glowing golden altar of the Shining One.
  2961 | D:4      | Found an ancient bone altar of Kikubaaqudgha.
  2961 | D:4      | Found a shimmering altar of Xom.
  2963 | D:4      | Found an opulent altar of Gozag.
  2964 | D:4      | Found an iron altar of Okawaru.
  2966 | D:4      | Noticed a phantom
  3049 | D:4      | Killed a phantom
  3049 | D:4      | Reached skill level 5 in Shields
  3183 | D:4      | Reached XP level 7. HP: 41/44 MP: 7/7
  3315 | D:4      | Found a burning altar of Makhleb.
  3324 | D:4      | Reached skill level 5 in Maces & Flails
  3332 | D:4      | Became a worshipper of Makhleb the Destroyer
  3537 | D:4      | Found a snail-covered altar of Cheibriados.
  3538 | D:4      | Found a stormy altar of Qazlal.
  3695 | D:5      | Entered Level 5 of the Dungeon
  3770 | D:5      | Reached skill level 1 in Stealth
  3778 | D:5      | Reached XP level 8. HP: 48/48 MP: 8/8
  3879 | D:5      | Reached skill level 5 in Fighting
  3900 | D:5      | Reached skill level 5 in Armour
  4412 | D:6      | Reached * piety under Makhleb
  4776 | D:6      | Noticed senyk's ghost (amateur DsMo)
  4799 | D:6      | Killed senyk's ghost
  4847 | D:6      | Killed from afar by an orc priest

Skill      XL: |  1  2  3  4  5  6  7  8 |
---------------+-------------------------+-----
Fighting       | 4 5 |  5.3
Maces & Flails | 3 4 5 6 |  6.6
Armour         | 4 5 |  5.3
Shields        | 4 5 6 |  6.4
Dodging        | 1 |  1.1
Stealth        | 1 |  1.0

Action                   |  1- 3 |  4- 6 |  7- 9 || total
-------------------------+-------+-------+-------++-------
Melee: Flail             |   129 |   234 |   258 ||   621
  Use: Scroll            |     3 |     6 |     5 ||    14
       Potion            |     4 |     1 |     5 ||    10
  Eat: Chunk             |     1 |     6 |     5 ||    12
       Beef jerky        |       |     1 |       ||     1
Armor: Scale mail        |    79 |    58 |       ||   137
       Plate armour      |       |   104 |   213 ||   317
Dodge: Dodged            |    49 |    52 |    56 ||   157
Block: Shield            |    76 |   146 |   182 ||   404
